 Dungeon Crawl Stone Soup version 0.25.1-2-g60ff931df9 (webtiles) character file.

Game seed: 6265332300064227537

2 Descartes the Grasshopper (level 1, 0/14 HPs)
             Began as an Octopode Warper on Aug 7, 2020.
             Slain by a kobold
             ... wielding a +0 whip of freezing
              (5 damage)
             ... on level 1 of the Dungeon.
             The game lasted 00:00:23 (235 turns).

Descartes the Grasshopper (Octopode Warper)          Turns: 235, Time: 00:00:24

Health: 0/14       AC:  1    Str: 10    XL:     1   Next: 30%
Magic:  3/3        EV: 13    Int: 15    God:
Gold:   34         SH:  0    Dex: 11    Spells: 4/4 levels left

rFire    . . .     SeeInvis .   a - +0 short sword
rCold    . . .     Gourm    .   (no shield)
rNeg     . . .     Faith    .   (helmet restricted)
rPois    .         Spirit   .   (no amulet)
rElec    .         Reflect  .   (no ring)
rCorr    .         Harm     .   (no ring)
MR       .....                  (no ring)
Stlth    ++........             (no ring)
HPRegen  0.04/turn              (no ring)
MPRegen  0.08/turn              (no ring)
                                (no ring)
                                (no ring)

@: no status effects
A: almost no armour, stealthy swim, amphibious, 8 rings, constrict 8, camouflage
1, gelatinous body 1
a: no special abilities


You were on level 1 of the Dungeon.
You were not hungry.

You visited 1 branch of the dungeon, and saw 1 of its levels.

You collected 34 gold pieces.

Inventory:

Hand Weapons
 a - a +0 short sword (weapon)
Missiles
 d - 5 boomerangs of dispersal (quivered)
Scrolls
 c - a scroll of blinking
 e - a scroll of teleportation {unknown}
 h - a scroll of identify {unknown}
Potions
 b - 3 potions of curing {unknown}
Comestibles
 f - 2 rations
 g - a chunk of flesh


   Skills:
 - Level 2.0 Fighting
 - Level 2.0 Short Blades
 - Level 1.0 Throwing
 - Level 2.3 Dodging
 + Level 1.1 Stealth
 - Level 2.0 Spellcasting
   Level 3.0 Translocations


You had 4 spell levels left.
You didn't know any spells.
Your spell library contained the following spells:

 Spells                   Type           Power        Failure   Level  Hunger
 Blink                    Tloc           N/A          10%         2    ###....
 Shroud of Golubria       Chrm/Tloc      #.....       19%         2    ###....
 Gell's Gravitas          Tloc           ##........   19%         3    ###....
 Lesser Beckoning         Tloc           ##........   19%         3    ###....
 Teleport Other           Tloc           ##......     19%         3    ###....
 Passage of Golubria      Tloc           N/A          54%         4    #####..


Dungeon Overview and Level Annotations

Branches:
Dungeon (1/15)

Altars:


Innate Abilities, Weirdness & Mutations

You cannot wear most types of armour.
You are very stealthy in the water. (Stealth+)
You are amphibious.
You can wear up to eight rings at the same time.
You can use your tentacles to constrict eight enemies at once.
Your skin changes colour to match your surroundings (Stealth+).
Your rubbery body absorbs attacks. (AC +1, EV +1)


Message History

You hit the leopard gecko but do no damage.
Your grab misses the leopard gecko. Your squeeze misses the leopard gecko.
The leopard gecko closely misses you.
The kobold hits you with a +0 whip of freezing.
The kobold freezes you.
You are too injured to fight recklessly!
You are too injured to fight recklessly!
You are too injured to fight recklessly!
You are too injured to fight recklessly!
You are too injured to fight recklessly!
You are too injured to fight recklessly!
You are too injured to fight recklessly!
You are too injured to fight recklessly!
You are too injured to fight recklessly!
You are too injured to fight recklessly!
You closely miss the kobold. You grab the kobold.
You constrict the kobold, but do no damage.
The leopard gecko bites you.
The kobold hits you with a +0 whip of freezing.
You die...

###.# #.#.
.############.# #.#.
.#............# ...#
♣≈♣≈≈..≈...##### #
...≈.≈≈≈≈.≈≈.#.#.#..
###. ..!....≈.♣.♣#...#..
.....#.♣≈≈......≈###.###
#...#lK..≈..≈≈.........
#...?.@.≈..≈≈≈...##.#..
#........♣≈≈.... ...#..
#..###†.≈≈≈.≈.###.###..
#. #≈≈≈≈≈≈....#.#.'..
##.≈≈≈≈≈≈≈.# #.#..
.......+.......# #.#..
.#.#####.......#.#.#..
#.#.......#.###
#.#.#######.#


You could see a leopard gecko and a kobold.

Vanquished Creatures
  A hobgoblin (D:1)
  A bat (D:1)
2 creatures vanquished.

Notes
Turn   | Place    | Note
-------+----------+-------------------------------------------
     0 | D:1      | Descartes the Octopode Warper began the quest for the Orb.
     0 | D:1      | Reached XP level 1. HP: 14/14 MP: 3/3
   229 | D:1      | Reached skill level 1 in Stealth
   235 | D:1      | Slain by a kobold

Illustrated notes

Levels and vault maps discovered:
D:1:      minmay_arrival_plants_in_alcoves, layout_basic,
          chequers_serial_rivers_marsh, minmay_tromino_v4_a

Skill      XL: |  1 |
---------------+----+-----
Stealth        | 1 |  1.1
Fighting       | |  2.0
Short Blades   | |  2.0
Throwing       | |  1.0
Dodging        | |  2.3
Spellcasting   | |  2.0
Translocations | |  3.0

Action                   || total
-------------------------++-------
Melee: Short sword       ||     5
       Constrict         ||     2
       Tentacles         ||     1
 Stab: Sleeping          ||     2
Dodge: Dodged            ||     3
